 Dungeon Crawl Stone Soup version 0.18.1-50-g88ac8fd (webtiles) character file.

63 luca467 the Skirmisher (level 4, 0/72 HPs)
             Began as an Ogre Wanderer on Sept 15, 2016.
             Slain by Sigmund
             ... wielding a +0 scythe
              (2 damage)
             ... on level 2 of the Dungeon.
             The game lasted 00:10:37 (2153 turns).

luca467 the Skirmisher (Ogre Wanderer)              Turns: 2153, Time: 00:10:38

Health: 0/72       AC: 22    Str: 20    XL:     4   Next: 10%
Magic:  4/4        EV:  1    Int: 10    God:
Gold:   64         SH:  0    Dex: 13    Spells: 0 memorised, 3 levels left

rFire  . . .     SeeInvis .     r - +0 mace
rCold  . . .     Gourm    .     (armour currently unavailable)
rNeg   + + +     Faith    .     (no shield)
rPois  +         Spirit   .     (helmet currently unavailable)
rElec  .         Dismiss  .     (cloak currently unavailable)
rCorr  .         Reflect  .     (gloves unavailable)
SustAt .         Harm     .     (boots unavailable)
MR     .....     NoTele   +     (no amulet)
Stlth  +++.......               (no ring)
                                (no ring)

@: agile, tree-form, very slightly contaminated, hasted, very quick, not
resistant to hostile enchantments, fairly stealthy
A: unfitting armour, (slimy green scales 0), (tough skin 0), evolution 1
a: no special abilities


You were on level 2 of the Dungeon.
You were not hungry.
You were a tree.
You visited 1 branch of the dungeon, and saw 2 of its levels.

You collected 64 gold pieces.

Inventory:

Hand Weapons
 l - a +0 flail
 n - a +1 club
 r - a +0 mace (weapon)
Armour
 d - a +1 robe (melded)
Wands
 a - a wand of iceblast (6/15)
 c - a wand of random effects (15/48)
Scrolls
 b - a scroll of magic mapping {unknown}
 e - 2 scrolls of teleportation
 g - a scroll of enchant weapon
 j - 3 scrolls of remove curse
Potions
 i - 2 potions of lignification
Comestibles
 f - 2 bread rations
 p - a royal jelly
 q - a meat ration


   Skills:
 + Level 4.0 Fighting
 + Level 2.7 Maces & Flails
   Level 3.0 Polearms
 - Level 1.0 Throwing
 - Level 1.0 Stealth
 - Level 2.6 Unarmed Combat
 - Level 1.0 Evocations


You had 3 spell levels left.
You didn't know any spells.

Dungeon Overview and Level Annotations

Branches:
Dungeon (2/15)

Altars:

Annotations:
D:2 Sigmund


Innate Abilities, Weirdness & Mutations

You are too large for most types of armour.
((You have tough skin (AC +1).))
((You are mostly covered in slimy green scales (AC +3).))
You evolve.


Message History

You miss something. You closely miss something.
Something hits you but does no damage.
Drink which item? (? for menu, Esc to quit)
It was a potion of mutation.
You feel extremely strange.
Slimy green scales grow over part of your body.
Slimy green scales spread over more of your body.
You feel nature experimenting on you.
Don't worry, failures die fast.
Drink which item? (? for menu, Esc to quit)
It was a potion of agility.
You feel agile all of a sudden. Something hits you.
* * * LOW HITPOINT WARNING * * *
Drink which item? (? for menu, Esc to quit)
It was a potion of flight.
Your roots keep you in place.
You hit something. Something hits you but does no damage.
You barely miss something. You barely miss something. Something hits you.
* * * LOW HITPOINT WARNING * * *
You completely miss something. Your punch misses something. Something hits you.
You die...

....#####.## #.#..'.'..# #
........#..# #.####.##+#.#
......#....# ###...........#
..... ###>.###.#.####.##+#.# @...
#......#.#..#.#..# # ...
###.#.##.#..+.').#.# ..
#.####.#'##.####.# # #.#
##...........# #. ...# #♣#
.#.#'##.####.# #.# ....##
##{##.#.#).#.#.[#.# #.#
.....####.....#.#..'.+..#.# #.#
........#......#.####.##'#.#
##.###.#...........##...........#
#...................#.####.##'#.#
............####..###.#⌠.#.#..#.#
#........##...###.###.#..'.+..#.#
........#####..##..##.####.####.#


There were no monsters in sight!

Vanquished Creatures
  Terence (D:2)
  A worm (D:2)
  2 dart slugs (D:2)
  A giant gecko (D:1)
  5 hobgoblins
  9 kobolds
  A ball python (D:1)
  4 bats
  2 goblins
  6 rats
32 creatures vanquished.

Notes
Turn   | Place    | Note
--------------------------------------------------------------
     0 | D:1      | luca467 the Ogre Wanderer began the quest for the Orb.
     0 | D:1      | luca467 set off with: a +2 spear, a +0 quarterstaff, a wand of random effects (15/48), a +0 robe, a bread ration
     0 | D:1      | Reached XP level 1. HP: 19/19 MP: 1/1
   140 | D:1      | Reached skill level 2 in Fighting
   337 | D:1      | Reached XP level 2. HP: 27/29 MP: 2/2
   383 | D:1      | Reached skill level 3 in Fighting
  1022 | D:2      | Noticed Sigmund
  1073 | D:2      | Reached skill level 1 in Maces & Flails
  1120 | D:2      | Reached XP level 3. HP: 12/37 MP: 3/3
  1721 | D:2      | Noticed Terence
  1738 | D:2      | Killed Terence
  1738 | D:2      | Reached skill level 4 in Fighting
  1738 | D:2      | Reached XP level 4. HP: 23/48 MP: 4/4
  2147 | D:2      | Gained mutation: You are partially covered in slimy green scales (AC +2). [potion of mutation]
  2147 | D:2      | Gained mutation: You are mostly covered in slimy green scales (AC +3). [potion of mutation]
  2147 | D:2      | Gained mutation: You evolve. [potion of mutation]
  2152 | D:2      | HP: 2/72 [something (3)]
  2153 | D:2      | Slain by Sigmund

Skill      XL: |  1  2  3 |
---------------+----------+-----
Fighting       | 2 3 4 |  4.0
Maces & Flails | 1 2 |  2.7
Polearms       | |  3.0
Throwing       | |  1.0
Stealth        | |  1.0
Unarmed Combat | |  2.6
Evocations     | |  1.0

Action                   |  1- 3 |  4- 6 || total
-------------------------+-------+-------++-------
Melee: Quarterstaff      |    31 |       ||    31
       Club              |   107 |       ||   107
       Mace              |       |    16 ||    16
       Flail             |       |    12 ||    12
  Use: Scroll            |     5 |       ||     5
       Potion            |       |     5 ||     5
 Stab: Sleeping          |     1 |       ||     1
  Eat: Chunk             |     3 |     1 ||     4
Armor: Robe              |    40 |     4 ||    44
       Skin              |       |     3 ||     3
Dodge: Dodged            |    83 |     8 ||    91
